cohdb
Replays
Latest Replays
All Replays
Popular Replays
Top Player Replays
Match Explorer
How It Works
Community
CoH3 Stats
Reddit
Sign in to upload your games and track your stats! →
Sign in with Steam
Match 43635606
Unlisted
Match 43635606
Overview
Messages
Build Orders
End
Panzergrenadier Squad
Panzergrenadier Squad
Selects Armored Support Battlegroup
Selects Armored Support Battlegroup
Panzergrenadier Squad
Construct Light Support Kompanie
Fire Support Elements
MG34 Team
2.5-tonne Medical Truck
Pak 38 Mechanized Group
Veteran Squad Leaders
Construct Panzerarmee Kommand
Panzer III L Medium Tank
Emergency Repair Kits
Selects Salvage Kits
Panzer III L Medium Tank
Selects Veteran Gunners
Selects Flammpanzer III Medium Tank
Carius
Dark Lord Cthulhu
woof_raff
Time
0
0
Comments
sign in to comment!
No comments posted yet!